 Dungeon Crawl Stone Soup version 0.24-a0-366-gc1c896e988 (webtiles) character file.

Game seed: 16583639635581276599

6337 HAL9000 the Slicer (level 10, 0/46 HPs)
             Began as a Vine Stalker Assassin on May 28, 2019.
             Was a Believer of Uskayaw.
             Slain by an orc knight
             ... wielding a +0 battleaxe
              (2 damage)
             ... in a bailey.
             The game lasted 00:21:40 (7661 turns).

HAL9000 the Slicer (Vine Stalker Assassin)          Turns: 7661, Time: 00:21:40

Health: 0/46       AC:  9    Str: 15    XL:     10   Next: 96%
Magic:  0/18       EV: 11    Int: 15    God:    Uskayaw [**....]
Gold:   171        SH:  9    Dex: 20    Spells: 9/9 levels left

rFire    . . .     SeeInvis .   t - +2 dagger (venom)
rCold    . . .     Gourm    .   B - +3 buckler
rNeg     . . .     Faith    +   D - +1 leather armour {MR+}
rPois    .         Spirit   +   K - +2 helmet {Int+3}
rElec    .         Reflect  .   c - +0 cloak
rCorr    .         Harm     .   (no gloves)
MR       ++...                  p - +0 pair of boots
Stlth    ++++......             h - amulet of faith
HPRegen  0.55/turn              M - +2 ring of slaying
MPRegen  0.16/turn              L - +3 ring of dexterity

@: no status effects
A: fangs 3, regeneration 1, magic shield, antimagic bite, no potion heal 3, rot
immunity
a: Stomp, Line Pass, Renounce Religion


You were in a bailey.
You worshipped Uskayaw.
Uskayaw was aware of your devotion.
You were not hungry.

You visited 1 branch of the dungeon, and saw 8 of its levels.
You also visited: Bailey.

You collected 429 gold pieces.
You spent 258 gold pieces at shops.

Inventory:

Hand Weapons
 t - a +2 dagger of venom (weapon)
Missiles
 d - 17 poisoned darts
 i - 5 curare-tipped darts
 r - 7 javelins (quivered)
 H - 4 boomerangs
Armour
 c - a +0 cloak (worn)
 p - a +0 pair of boots (worn)
 B - a +3 buckler (worn)
 D - a +1 leather armour of magic resistance (worn)
 J - a +2 leather armour of cold resistance
 K - a +2 helmet of intelligence (worn)
Jewellery
 a - an uncursed ring of wizardry {unknown}
 h - an amulet of faith (around neck)
 u - an uncursed ring of ice
 L - a +3 ring of dexterity (right hand)
 M - a +2 ring of slaying (left hand)
Wands
 e - a wand of digging (2)
 q - a wand of disintegration (6)
 y - a wand of polymorph (14)
 E - a wand of enslavement (14)
Scrolls
 b - a scroll of blinking {unknown}
 k - a scroll of magic mapping {unknown}
 m - 3 scrolls of remove curse
 s - a scroll of enchant armour
 A - a scroll of enchant weapon {unknown}
 F - a scroll of immolation {unknown}
 O - a scroll of fog {unknown}
Potions
 g - 4 potions of brilliance
 l - 3 potions of curing
 o - a potion of resistance {unknown}
 w - a potion of mutation
 x - a potion of might {unknown}
 z - a potion of agility {unknown}
 C - a potion of berserk rage {unknown}
 G - 3 potions of flight
 I - a potion of degeneration {unknown}
Comestibles
 f - 20 rations
 N - 3 chunks of flesh


   Skills:
 - Level 1.7 Fighting
 - Level 10.0 Short Blades
 - Level 1.7 Throwing
 - Level 0.7 Dodging
 + Level 7.2 Stealth
 - Level 5.0 Shields
 * Level 9.9 Invocations


You had 9 spell levels left.
You didn't know any spells.
Your spell library was empty.

Dungeon Overview and Level Annotations

Branches:
Dungeon (8/15)             Temple (0/1) D:5
   Lair: D:8-11

Altars:
Qazlal
Uskayaw

Shops:
D:7 [


Innate Abilities, Weirdness & Mutations

You have razor-sharp teeth.
Your natural rate of healing is unusually fast.
When hurt, damage is shared between your health and your magic reserves.
Your bite disrupts and absorbs the magic of your enemies.
Potions cannot restore your health.
You are immune to rotting.


Message History

Your bite misses the orc knight.
The orc knight is severely wounded.
You hit the orc knight.
The orc knight looks as sick as possible!
You bite the orc knight! You drain its power.
You feel invigorated.
The orc knight is almost dead.
You hit the orc knight.
You bite the orc knight, but do no damage.
The orc knight is almost dead.
The orc knight hits you with a +0 battleaxe!!
* * * LOW HITPOINT WARNING * * *
You can now pass through a line of other dancers.
You closely miss the orc knight.
The orc knight is almost dead.
You hit the orc knight.
The orc knight looks as sick as possible!
Your bite misses the orc knight.
The orc knight is almost dead.
The orc knight hits you with a +0 battleaxe.
You die...

#.......#
##.....##
♣♣##'''##♣♣
♣.........♣
♣♣♣.......♣♣
♣.....∩....♣
♣..........♣♣
♣.....∩.....♣
♣.@o........♣
♣♣♣♣.....♣♣♣♣
♣.♣.♣♣♣ ♣♣♣♣♣


You could see an orc knight.

Vanquished Creatures
  A two-headed ogre (D:8)
  Pikel (D:4)
  An orc knight (Bailey)
  Maurice (D:8)
  Joseph (D:7)
  Grinder (D:5)
  A hornet (D:7)
  A hippogriff (D:7)
  A human (D:7)
  4 hogs (D:7)
  Eustachio (D:4)
  A hungry ghost (D:7)
  Duvessa (D:3)
  4 ice beasts
  4 orc warriors
  2 slaves
  A black bear (D:8)
  2 ogres (D:7)
  2 centaurs
  A big kobold (D:8)
  A bullfrog (D:8)
  Dowan (D:4)
  A scorpion (D:6)
  6 killer bees
  4 howler monkeys (D:8)
  2 crimson imps
  A centaur zombie (D:7)
  4 hounds
  An orc priest (D:4)
  A jelly (D:8)
  A centaur skeleton (D:6)
  2 orc wizards
  2 bullfrog skeletons
  2 iguanas
  Natasha (thrice) (D:4 D:3)
  A hound zombie (D:6)
  A hound skeleton (D:5)
  A worker ant zombie (D:6)
  6 gnolls (Bailey)
  8 adders
  A shadow imp (D:8)
  An adder zombie (D:8)
  2 worms
  4 dart slugs
  7 leopard geckos
  25 orcs
  2 giant cockroaches
  18 goblins
  19 hobgoblins
  5 jackals
  14 kobolds
  A quokka (D:8)
  A ball python (D:2)
  3 bats
  4 frilled lizards
  A jackal skeleton (D:5)
  2 leopard gecko skeletons
  A quokka skeleton (D:7)
  5 rats
  A plant (D:1)
198 creatures vanquished.

Notes
Turn   | Place    | Note
-------+----------+-------------------------------------------
     0 | D:1      | HAL9000 the Vine Stalker Assassin began the quest for the
                  | Orb.
     0 | D:1      | Reached XP level 1. HP: 11/11 MP: 2/2
   129 | D:1      | Reached skill level 2 in Short Blades
   291 | D:1      | Reached XP level 2. HP: 11/15 MP: 1/3
  1168 | D:1      | Reached skill level 3 in Short Blades
  1255 | D:1      | Reached XP level 3. HP: 13/18 MP: 4/4
  1531 | D:2      | Gained mutation: Your natural rate of healing is unusually
                  | fast. [Vine Stalker growth]
  1531 | D:2      | Reached XP level 4. HP: 20/23 MP: 5/5
  1737 | D:2      | Found a hide-covered altar of Uskayaw.
  1739 | D:2      | Found a stormy altar of Qazlal.
  1765 | D:2      | Reached skill level 4 in Short Blades
  1804 | D:2      | Became a worshipper of Uskayaw the Reveler
  1855 | D:2      | Reached * piety under Uskayaw
  1958 | D:2      | Reached ** piety under Uskayaw
  1980 | D:2      | Reached *** piety under Uskayaw
  2628 | D:3      | Reached XP level 5. HP: 26/26 MP: 6/6
  3065 | D:4      | Reached skill level 5 in Short Blades
  3096 | D:4      | Noticed Natasha
  3103 | D:4      | Killed Natasha
  3103 | D:4      | Reached XP level 6. HP: 30/30 MP: 7/7
  3187 | D:4      | Noticed Eustachio
  3199 | D:4      | Killed Eustachio
  3199 | D:4      | Reached skill level 6 in Short Blades
  3199 | D:4      | Reached skill level 1 in Shields
  3402 | D:4      | Noticed a slave
  3403 | D:4      | Noticed Duvessa
  3403 | D:4      | Noticed Dowan
  3434 | D:3      | Killed a slave
  3486 | D:4      | Noticed Natasha
  3496 | D:3      | Killed Natasha
  3496 | D:3      | Reached XP level 7. HP: 27/34 MP: 6/8
  3516 | D:3      | Noticed Natasha
  3530 | D:3      | Killed Natasha
  3970 | D:4      | Killed Dowan
  3997 | D:3      | Killed Duvessa
  4047 | D:4      | Noticed Pikel
  4065 | D:4      | Killed Pikel
  4065 | D:4      | Reached skill level 8 in Short Blades
  4065 | D:4      | Gained mutation: You have razor-sharp teeth. [Vine Stalker
                  | growth]
  4065 | D:4      | Reached XP level 8. HP: 33/38 MP: 6/9
  4230 | D:5      | Entered Level 5 of the Dungeon
  4302 | D:5      | Found a staircase to the Ecumenical Temple.
  4696 | D:6      | Noticed Grinder
  4784 | D:5      | Reached skill level 5 in Shields
  5134 | D:5      | Killed Grinder
  5134 | D:5      | Reached skill level 9 in Short Blades
  5134 | D:5      | Reached XP level 9. HP: 33/42 MP: 10/10
  5292 | D:6      | Reached **** piety under Uskayaw
  5295 | D:6      | Reached ***** piety under Uskayaw
  6137 | D:7      | Reached skill level 10 in Short Blades
  6319 | D:7      | Reached skill level 5 in Invocations
  6352 | D:7      | Found Ciocas's Armour Shop.
  6379 | D:7      | Reached XP level 10. HP: 33/46 MP: 12/15
  6435 | D:7      | Bought a +2 helmet of intelligence for 258 gold pieces
  6637 | D:7      | Noticed Joseph
  6710 | D:7      | Killed Joseph
  6945 | D:8      | Noticed a two-headed ogre
  6961 | D:8      | Killed a two-headed ogre
  7202 | D:8      | Noticed Maurice
  7226 | D:8      | Killed Maurice
  7226 | D:8      | Reached skill level 5 in Stealth
  7385 | D:8      | Found a flagged portal.
  7394 | Bailey   | Entered a bailey
  7587 | Bailey   | Noticed an orc knight
  7589 | Bailey   | Noticed an orc knight
  7607 | Bailey   | Killed an orc knight
  7659 | Bailey   | HP: 1/46 [orc knight/+0 battleaxe (14)]
  7661 | Bailey   | Slain by an orc knight

Levels and vault maps discovered:
D:1:      lemuel_arrival_tunnels, layout_basic, lexackson_kobold_supper
D:2:      minmay_alternating_diamond, layout_basic,
          chequers_temple_overflow_statue_of_worship
D:3:      layout_basic, first_ration
D:4:      layout_rooms, uniq_eustachio, uniq_pikel, uniq_duvessa, uniq_natasha
D:5:      layout_rooms, temple_doors_e
D:6:      layout_layer_cave, uniq_grinder
D:7:      layout_loops_ring, serial_shops, shop, grunt_livestock, uniq_joseph
D:8:      layout_gridville, enter_bailey_3, gammafunk_ghost_hydra_chop,
          abandoned_shop, uniq_maurice
Bailey:   bailey_axe_minmay_hex_keep, bailey

Skill      XL: |  1  2  3  4  5  6  7  8  9 10 |
---------------+-------------------------------+-----
Short Blades   | 2 3 4 5 6 8 9 10 | 10.0
Shields        | 1 3 5 |  5.0
Invocations    | 6 9 |  9.9
Stealth        | 7 |  7.2
Fighting       | |  1.7
Throwing       | |  1.7
Dodging        | |  0.7

Action                   |  1- 3 |  4- 6 |  7- 9 | 10-12 || total
-------------------------+-------+-------+-------+-------++-------
Melee: Dagger            |   102 |   136 |   240 |   191 ||   669
       Bite              |    38 |    44 |    77 |    82 ||   241
Throw: Dart              |       |     2 |    15 |       ||    17
       Javelin           |       |       |     2 |       ||     2
Invok: Stomp             |       |     2 |     1 |     9 ||    12
       Line Pass         |       |     1 |     1 |     3 ||     5
Evoke: Wand              |       |       |     4 |     6 ||    10
  Use: Scroll            |       |       |     6 |     4 ||    10
       Potion            |       |       |     1 |       ||     1
 Stab: Sleeping          |     2 |    12 |     5 |     1 ||    20
       Paralysed         |       |     2 |     6 |     9 ||    17
       Confused          |       |       |     1 |     3 ||     4
       Distracted        |       |       |     1 |     1 ||     2
  Eat: Chunk             |     1 |     8 |     7 |     6 ||    22
       Ration            |       |       |     1 |       ||     1
Armor: Robe              |    13 |    11 |       |       ||    24
       Leather armour    |       |       |    42 |    24 ||    66
Dodge: Dodged            |    36 |    42 |    86 |    56 ||   220
Block: Buckler           |       |     7 |    77 |    49 ||   133

Table legend:
 A = Non-vault XP
 B = Vault XP
 C = Vault XP percentage of total XP
 D = Non-vault monster count
 E = Vault monster count
 F = Vault count percentage of total count
                 A         B        C        D         E       F
            +---------+---------+-------+---------+---------+-------
      Total |    4834 |    4220 |  46.6 |     130 |      65 |  33.3
            +---------+---------+-------+---------+---------+-------
        D:1 |      22 |      12 |  35.3 |      10 |       8 |  44.4
        D:2 |     102 |      19 |  15.7 |      23 |       5 |  17.9
        D:3 |     115 |     142 |  55.3 |      12 |       1 |   7.7
        D:4 |     192 |     944 |  83.1 |      13 |       4 |  23.5
        D:5 |     405 |     286 |  41.4 |      12 |       1 |   7.7
        D:6 |     799 |       0 |   0.0 |      22 |       0 |   0.0
        D:7 |    1361 |    1329 |  49.4 |      16 |       6 |  27.3
        D:8 |    1838 |     467 |  20.3 |      22 |       4 |  15.4
     Bailey |       0 |    1021 | 100.0 |       0 |      36 | 100.0
            +---------+---------+-------+---------+---------+-------
